 Dungeon Crawl Stone Soup version 0.28-a0-268-g3f656e82c2 (webtiles) character file.

Game seed: 4923376781802855762

32 zazu2006 the Sneak (level 3, -2/28 HPs)
             Began as a Naga Hedge Wizard on Aug 28, 2021.
             Slain by a jackal (3 damage)
             ... on level 2 of the Dungeon.
             The game lasted 00:02:57 (1948 turns).

zazu2006 the Sneak (Naga Hedge Wizard)              Turns: 1948, Time: 00:02:58

Health: -2/28      AC:  2    Str: 12    XL:     3   Next: 25%
Magic:  7/7        EV:  9    Int: 15    God:
Gold:   45         SH:  0    Dex: 10    Spells: 7/8 levels left

rFire   . . .      SeeInvis +   f - +0 great sword
rCold   . . .      Faith    .   (shield currently unavailable)
rNeg    . . .      Spirit   .   g - +0 leather armour
rPois   +          Reflect  .   c - +0 hat
rElec   .          Harm     .   d - scarf {repulsion}
rCorr   .          Rampage  .   (no gloves)
Will    .....                   (no barding)
Stlth   ++........              (no amulet)
HPRegen 0.09/turn               (no ring)
MPRegen 0.10/turn               (no ring)

@: repel missiles, very slow
A: AC +1, large, see invisible, deformed body, poison resistance, slowness 2,
spit poison 1, naga tail 1
a: Spit Poison


You were on level 2 of the Dungeon.
You visited 1 branch of the dungeon, and saw 2 of its levels.

You collected 45 gold pieces.

Inventory:

Hand Weapons
 e - a +1 dagger of speed
 f - a +0 great sword (weapon)
Armour
 c - a +0 hat (worn)
 d - a scarf of repulsion (worn)
 g - a +0 leather armour (worn)
Wands
 a - a wand of acid (1)


   Skills:
 - Level 0.4 Short Blades
 + Level 1.9 Dodging
 + Level 3.5 Stealth
 + Level 3.3 Spellcasting
 + Level 1.7 Conjurations
 + Level 1.0 Summonings
 + Level 1.0 Translocations


You had 7 spell levels left.
You knew the following spells:

 Your Spells              Type           Power      Damage    Failure   Level
a - Magic Dart            Conj           28%        1d4       12%         1

Your spell library contained the following spells:

 Spells                   Type           Power      Damage    Failure   Level
 Searing Ray              Conj           14%        3d3       19%         2
 Blink                    Tloc           N/A        N/A       24%         2
 Call Imp                 Summ           5%         N/A       24%         2
 Slow                     Hex            2%         N/A       36%         2
 Conjure Flame            Conj/Fire      5%         6-21      45%         3
 Mephitic Cloud           Conj/Pois/Air  4%         N/A       50%         3
 Fulminant Prism          Conj/Hex       2%         3d6       86%         4


Dungeon Overview and Level Annotations

Branches:
Dungeon (2/15)

Altars:
Beogh


Innate Abilities, Weirdness & Mutations

Your serpentine skin is tough. (AC +1)
You have supernaturally acute eyesight. (SInv)
Armour fits poorly on your strangely shaped body.
Your system is resistant to poisons. (rPois)
You cover ground very slowly.
You can spit poison.
You have a snake-like lower body.


Message History

You kill the jackal!
The jackal bites you.
The jackal bites you but does no damage.
Unknown command.
Unknown command.
Aiming: Corrosive Bolt
Press: ? - help, Shift-Dir - straight line, f/p - jackal
Aim: a jackal (64% to hit)
The bolt of acid hits the jackal!
The acid corrodes the jackal!
You kill the jackal!
The bolt of acid misses the adder.
The bolt of acid hits the rat!
You kill the rat!
You hear a shout!
The jackal bites you but does no damage.
The adder bites you.
* * * LOW HITPOINT WARNING * * *
A quokka comes into view.
Unknown command.
Unknown command.
Unknown command.
Aiming: Corrosive Bolt
Press: ? - help, Shift-Dir - straight line, f - adder
Aim: an adder (53% to hit)
The bolt of acid misses the adder.
The jackal bites you but does no damage.
The endoplasm hits you.
* * * LOW HITPOINT WARNING * * *
The adder barely misses you. The jackal barely misses you.
Unknown command.
Unknown command.
Unknown command.
An orc comes into view. It is wielding a +0 whip.
The orc shouts!
The adder bites you.
* * * LOW HITPOINT WARNING * * *
The quokka twitches its whiskers.
The adder bites you.
* * * LOW HITPOINT WARNING * * *
The jackal bites you.
You die...

# #.......# #...##.....##
. ............# ..
........⌠...# ...
.........#o####### ....
.........#.......# .....
.................##......
.........#..r†.hS........
r......h........@J.......
..................#......
.....r...........##......
>...........###### .g...
............# .....
.............# ....
...........#.# ....
.............#


You could see an adder, an orc, an endoplasm, a quokka and a jackal.

Vanquished Creatures
  An orc (D:2)
  3 bats (D:1)
  2 endoplasms (D:1)
  3 giant cockroaches (D:1)
  A hobgoblin (D:1)
  5 jackals
  4 kobolds (D:1)
  A quokka (D:1)
  4 goblins (D:1)
  4 rats
28 creatures vanquished.

Notes
Turn   | Place    | Note
-------+----------+-------------------------------------------
     0 | D:1      | zazu2006 the Naga Hedge Wizard began the quest for the Orb.
     0 | D:1      | Reached XP level 1. HP: 15/15 MP: 4/4
   454 | D:1      | Reached XP level 2. HP: 2/22 MP: 0/6
  1409 | D:1      | Reached XP level 3. HP: 24/28 MP: 1/7
  1948 | D:2      | HP: 1/28 [adder (2)]
  1948 | D:2      | Slain by a jackal

Illustrated notes

Levels and vault maps discovered:
D:1:      minmay_arrival_diagonal_passages, layout_basic, minmay_cupped
D:2:      layout_rooms, hellmonk_ecumenical_altar_defaced_shrine, wad_orctagon,
          uniq_sigmund

Action                   || total
-------------------------++-------
Melee: Dagger            ||    15
 Cast: Magic Dart        ||    56
 Abil: Spit Poison       ||    12
Evoke: Wand              ||     4
Armor: Robe              ||    14
       Leather armour    ||     5
Dodge: Dodged            ||    17

Table legend: (Time is in decaauts)
 A = Elapsed time spent in this place.
 B = Non-inter-level travel time spent in this place.
 C = Inter-level travel time spent in this place.
 D = Time resting spent in this place.
 E = Time spent auto-exploring this place.
 F = Levels seen in this place.
 G = Mean time per level.
                   A        B        C        D        E       F      G
               +--------+--------+--------+--------+--------+-----+--------+
         Total |   2279 |   2193 |     86 |      0 |   1947 |   2 | 1139.5 |
       Dungeon |   2279 |   2193 |     86 |      0 |   1947 |   2 | 1139.5 |
               +--------+--------+--------+--------+--------+-----+--------+

Top non-repeatable levels by time:
     D:1: 2260 daAuts
     D:2: 19 daAuts
